 Dungeon Crawl Stone Soup version 0.21-a0-142-gdd972a7 (webtiles) character file.

116 suicidejoker the Grave Robber (level 5, -2/31 HPs)
             Began as an Octopode Necromancer on July 24, 2017.
             Slain by a worm (8 damage)
             ... in a sewer.
             The game lasted 00:10:20 (3258 turns).

suicidejoker the Grave Robber (OpNe)                Turns: 3258, Time: 00:10:20

Health: -2/31      AC:  1    Str:  8    XL:     5   Next: 1%
Magic:  9/9        EV: 14    Int: 18    God:
Gold:   177        SH:  0    Dex: 10    Spells: 7/9 levels left

rFire    . . .     SeeInvis .   e - +0 dagger
rCold    . . .     Gourm    .   (no shield)
rNeg     . . .     Faith    .   (helmet restricted)
rPois    .         Spirit   .   (no amulet)
rElec    .         Reflect  .   c - +1 ring of evasion
rCorr    .         Harm     .   d - -2 ring of dexterity (curse)
MR       .....                  (no ring)
Stlth    +++.......             (no ring)
HPRegen  0.10/turn              (no ring)
MPRegen  0.11/turn              (no ring)
                                (no ring)
                                (no ring)

@: about to teleport
A: almost no armour, stealthy swim, amphibious, 8 rings, constrict 8, camouflage
1, gelatinous body 1
a: no special abilities


You were in a sewer.
You were not hungry.

You visited 1 branch of the dungeon, and saw 3 of its levels.
You also visited: Sewer.

You collected 177 gold pieces.

Inventory:

Hand Weapons
 e - a +0 dagger (weapon)
Missiles
 m - 16 poisoned needles
Jewellery
 c - a +1 ring of evasion (left tentacle)
 d - a cursed -2 ring of dexterity (right tentacle)
Scrolls
 g - a scroll of teleportation
 h - a scroll of blinking {unknown}
 l - a scroll of vulnerability {unknown}
Books
 a - a book of Necromancy

   Spells                             Type                      Level
   a - Pain                           Necromancy                   1
   b - Animate Skeleton               Necromancy                   1
   c - Vampiric Draining              Necromancy                   3
   d - Regeneration                   Charms/Necromancy            3
   e - Animate Dead                   Necromancy                   4
   f - Control Undead                 Necromancy                   4
Comestibles
 b - 3 bread rations
 f - 4 fruits
 i - 2 royal jellies
 j - a chunk of flesh
 k - 2 meat rations


   Skills:
 * Level 1.9 Short Blades
 + Level 2.4 Dodging
 + Level 3.6 Stealth
 * Level 2.9 Spellcasting
 * Level 4.6 Necromancy


You had 7 spell levels left.
You knew the following spells:

 Your Spells              Type           Power        Failure   Level  Hunger
a - Pain                  Necr           ###.         2%          1    None
b - Animate Skeleton      Necr           N/A          2%          1    None


Dungeon Overview and Level Annotations

Branches:
Dungeon (3/15)

Altars:


Innate Abilities, Weirdness & Mutations

You cannot wear most types of armour.
You are very stealthy in the water. (Stealth+)
You are amphibious.
You can wear up to eight rings at the same time.
You can use your tentacles to constrict eight enemies at once.
Your skin changes colour to match your surroundings (Stealth+).
Your rubbery body absorbs attacks. (AC +1, EV +1)


Message History

The worm closely misses your bat skeleton.
Your bat skeleton hits the worm but does no damage.
The worm bites you!
You hit the worm. You grab the worm.
The worm is severely wounded.
You constrict the worm. x2; Your bat skeleton hits the worm.
Your bat skeleton hits the worm but does no damage.
The worm barely misses you.
You hit the worm.
The worm is almost dead.
You constrict the worm. x2; Your bat skeleton hits the worm.
Your bat skeleton hits the worm but does no damage.
The worm bites your bat skeleton.
Your bat skeleton is destroyed!
The worm bites you!
* * * LOW HITPOINT WARNING * * *
You aren't carrying any potions.
As you read the scroll of teleportation, it crumbles to dust.
You feel strangely unstable.
You constrict the worm. x2; The worm bites you!
You die...

.≈≈≈.≈≈.≈.≈≈≈≈≈#
≈≈≈≈≈≈≈≈≈≈≈≈≈≈≈#
.≈≈≈≈≈≈≈≈≈≈≈≈≈≈#
≈####≈≈####≈≈.#
#≈.# #≈≈≈# #.≈#
#.≈≈# ###..#
#.≈.# #.#..#
#≈≈≈# #w@..+
#≈≈.# #w'..+
#≈≈≈# #w#..#
#≈≈≈# ###..#
#≈≈≈# #..# #≈≈≈#
#..# #≈≈≈# #..#
#≈≈≈# +..+ #≈≈.#
#.≈≈#


You could see 3 worms.

Vanquished Creatures
  3 oozes
  A worm (D:3)
  A dart slug (D:2)
  4 leopard geckos
  9 bats
  6 giant cockroaches
  5 goblins
  9 hobgoblins
  8 jackals (D:3)
  5 kobolds
  A quokka (D:2)
  3 ball pythons
  6 frilled lizards
  5 rats
66 creatures vanquished.

Vanquished Creatures (collateral kills)
  An adder (D:2)
  An ooze (D:3)
  A leopard gecko (D:2)
  3 goblins (D:1)
  2 hobgoblins
  2 kobolds
  A bat (D:1)
  A frilled lizard (Sewer)
  2 rats (D:1)
14 creatures vanquished.

Grand Total: 80 creatures vanquished

Notes
Turn   | Place    | Note
-------+----------+-------------------------------------------
     0 | D:1      | suicidejoker the Octopode Necromancer began the quest for the Orb.
     0 | D:1      | Reached XP level 1. HP: 11/11 MP: 3/3
    20 | D:1      | Learned a level 1 spell: Animate Skeleton
    87 | D:1      | Reached XP level 2. HP: 5/17 MP: 5/5
  1265 | D:1      | Reached XP level 3. HP: 9/21 MP: 6/6
  1581 | D:2      | Reached skill level 1 in Short Blades
  1744 | D:2      | Reached XP level 4. HP: 11/27 MP: 7/7
  2962 | D:3      | Found a glowing drain.
  2966 | Sewer    | Entered a sewer
  3230 | Sewer    | Reached XP level 5. HP: 31/31 MP: 9/9
  3258 | Sewer    | Slain by a worm

Vault maps used:
D:1:      scummos_arrival_simple_fountains
D:2:      first_bread
D:3:      gup_sewer_entry_bowl, dk_noncrumbling_4
Sewer:    sewer_fruit_machine

Skill      XL: |  1  2  3 |
---------------+----------+-----
Stealth        | 3 |  3.6
Short Blades   | 1 |  1.9
Dodging        | |  2.4
Spellcasting   | |  2.9
Necromancy     | |  4.6

Action                   |  1- 3 |  4- 6 || total
-------------------------+-------+-------++-------
Melee: Unarmed           |    74 |       ||    74
       Constrict         |    29 |    28 ||    57
       Tentacles         |    13 |    14 ||    27
       Dagger            |    50 |    96 ||   146
 Cast: Animate Skeleton  |    20 |    10 ||    30
       Pain              |     7 |       ||     7
  Use: Scroll            |     3 |     2 ||     5
       Potion            |       |     2 ||     2
 Stab: Sleeping          |    10 |     7 ||    17
  Eat: Chunk             |     3 |     5 ||     8
Armor: Skin              |    17 |     2 ||    19
Dodge: Dodged            |   122 |    81 ||   203
